 Dungeon Crawl Stone Soup version 0.29.1-15-g9cfb28693d (webtiles) character file.

Game seed: 13600814531667524196

269391 sizableburger the Swashbuckler (level 21, -2/156 HPs)
             Began as a Human Fighter on Feb 19, 2023.
             Was a High Priest of Zin.
             Succumbed to a vault warden's poison
             ... on level 2 of the Vaults on Feb 27, 2023.
             The game lasted 03:31:06 (70914 turns).

sizableburger the Swashbuckler (Human Fighter)     Turns: 70914, Time: 03:31:06

Health: -2/156     AC: 35    Str: 22    XL:     21   Next: 2%
Magic:  25/31      EV: 18    Int:  7    God:    Zin [*****.]
Gold:   1358       SH: 16    Dex: 26    Spells: 31/34 levels left

rFire   . . .      SeeInvis .   a - +2 rapier (protect)
rCold   . . .      Faith    .   m - +1 kite shield {AC+3}
rNeg    . . .      Spirit   .   o - +8 chain mail of Gehenna {Str+3}
rPois   .          Reflect  .   V - +1 helmet
rElec   .          Harm     .   r - +2 cloak
rCorr   .          Rampage  .   j - +3 Mad Mage's Maulers {Infuse+∞ RegenMP Int-3}
Will    +....                   P - +0 pair of boots
Stlth   +++.......              O - amulet of magic regeneration
HPRegen 0.36/turn               s - +4 ring of evasion
MPRegen 1.02/turn               S - +6 ring of dexterity

@: lethally poisoned (-2 -> -20)
A: no striking features
}: 2/15 runes: decaying, serpentine
a: Renounce Religion, Recite, Vitalisation, Imprison, Sanctuary, Donate Gold


You were on level 2 of the Vaults.
You worshipped Zin.
Zin was extremely pleased with you.
You visited 7 branches of the dungeon, and saw 33 of its levels.
You also visited: Ice Cave.

You collected 2836 gold pieces.
You spent 662 gold pieces at shops.
You donated 816 gold pieces to Zin.

Inventory:

Hand Weapons
 a - a +2 rapier of protection (weapon)
Missiles
 n - 29 poisoned darts
 C - 4 throwing nets
 H - a curare-tipped dart
 M - 4 silver boomerangs (quivered)
Armour
 j - the +3 Mad Mage's Maulers (worn) {Infuse+∞ RegenMP Int-3}
   (You found it in an ice cave)

   It empowers its wearer's blows with all of their magic.
   It causes its wearer's magical reserves to regenerate more quickly.
   Int:       It affects your intelligence (-3).
 m - a +1 kite shield of protection (worn)
 o - the +8 chain mail of Gehenna (worn) {Str+3}
   (You found it on level 2 of the Dungeon)

   Str:       It affects your strength (+3).
 r - a +2 cloak (worn)
 I - a scarf of invisibility
 P - a +0 pair of boots (worn)
 Q - +0 fire dragon scales
 V - a +1 helmet (worn)
Jewellery
 b - a ring of fire
 e - an amulet of regeneration
 k - a ring of protection from cold
 s - a +4 ring of evasion (left hand)
 y - a ring of wizardry
 N - a ring of poison resistance
 O - an amulet of magic regeneration (around neck)
 R - a ring of see invisible
 S - a +6 ring of dexterity (right hand)
 U - a ring of willpower
Wands
 h - a wand of light (11)
 q - a wand of mindburst (26)
 u - a wand of flame (59)
 v - a wand of digging (1)
 B - a wand of iceblast (18)
 L - a wand of charming (14)
Scrolls
 g - 4 scrolls of teleportation
 p - 8 scrolls of amnesia
 x - 5 scrolls of butterflies
 z - 3 scrolls of fear
 A - 2 scrolls of magic mapping
 K - 3 scrolls of blinking
 T - 3 scrolls of silence
 Y - 2 scrolls of poison
Potions
 c - a potion of invisibility
 f - 5 potions of flight
 i - 7 potions of brilliance
 l - a potion of haste
 E - 3 potions of magic
 G - 4 potions of resistance
 J - 3 potions of attraction
 X - 3 potions of cancellation
Miscellaneous
 d - a phial of floods


   Skills:
 - Level 11.3 Fighting
 + Level 15.9 Short Blades
 - Level 10.0 Throwing
 + Level 12.7 Armour
 - Level 8.3 Dodging
 - Level 12.5 Stealth
 - Level 14.0 Shields
 - Level 7.1 Spellcasting
 - Level 5.9 Air Magic
 + Level 13.7 Invocations
 - Level 8.5 Evocations


You had 31 spell levels left.
You knew the following spells:

 Your Spells              Type           Power      Damage    Failure   Level
a - Swiftness             Air            10%        N/A       52%         3

Your spell library contained the following spells:

 Spells                   Type           Power      Damage    Failure   Level
 Shock                    Conj/Air       24%        1d4       54%         1
 Poisonous Vapours        Pois/Air       12%        N/A       69%         2
 Static Discharge         Conj/Air       6%         3-4/arc   69%         2
 Airstrike                Air            5%         2d(1-17)  89%         4
 Magic Dart               Conj           8%         1d3       92%         1
 Sting                    Tmut/Pois      8%         1d3       92%         1
 Summon Small Mammal      Summ           8%         N/A       92%         1
 Mephitic Cloud           Conj/Pois/Air  5%         N/A       96%         3
 Call Imp                 Summ           2%         N/A       98%         2
 Ensorcelled Hibernation  Hex/Ice        4%         N/A       98%         2
 Passwall                 Tmut/Erth      1%         N/A       98%         2
 Searing Ray              Conj           4%         2d4       98%         2
 Call Canine Familiar     Summ           2%         N/A       100%        3
 Portal Projectile        Hex/Tloc       4%         N/A       100%        3
 Summon Guardian Golem    Hex/Summ       2%         N/A       100%        3
 Tukima's Dance           Hex            2%         N/A       100%        3
 Fulminant Prism          Conj/Hex       1%         3d6       100%        4
 Leda's Liquefaction      Hex/Erth       1%         N/A       100%        4
 Olgreb's Toxic Radiance  Pois           2%         N/A       100%        4
 Blade Hands              Tmut           1%         N/A       100%        5
 Fireball                 Conj/Fire      1%         3d3       100%        5
 Iskenderun's Battlesphe  Conj           2%         2d6       100%        5
 Lightning Bolt           Conj/Air       3%         1d14      100%        5
 Summon Forest            Summ/Tloc      1%         N/A       100%        5
 Eringya's Noxious Bog    Tmut/Pois      1%         N/A       100%        6
 Iron Shot                Conj/Erth      1%         9d1       100%        6
 Starburst                Conj/Fire      1%         6d3       100%        6
 Orb of Destruction       Conj           1%         9d5       100%        7
 Spellforged Servitor     Conj/Summ      1%         N/A       100%        7
 Summon Hydra             Summ           1%         N/A       100%        7
 Ignition                 Fire           1%         3d3       100%        8
 Maxwell's Capacitive Co  Air            5%         ∞         100%        8


Dungeon Overview and Level Annotations

Branches:
Dungeon (15/15)            Temple (1/1) D:6            Lair (5/5) D:8
  Swamp (4/4) Lair:3        Snake (4/4) Lair:3        Slime (0/5) Lair:5
    Orc (2/2) D:12            Elf (0/3) Orc:2        Vaults (2/5) D:14
 Depths (0/4) D:15          IceCv (visited)
  Crypt: Vaults:2-3

Altars:
Ashenzari
Cheibriados
Dithmenos
Elyvilon
Fedhas
Gozag
Hepliaklqana
Kikubaaqudgha
Makhleb
Nemelex Xobeh
Okawaru
Qazlal
Ru
Sif Muna
Trog
Uskayaw
Vehumet
Wu Jian
Xom
Yredelemnul
Zin
The Shining One

Shops:
D:5 *   D:15 *   Orc:2 =*==   Snake:1 [(?*   Vaults:1 (   Vaults:2 [

Annotations:
Lair:4 exclusion: 2 oklob plants
Lair:5 1 runed translucent door
Snake:1 2 runed translucent doors, AverageBear's ghost, journeyman DsFi
Vaults:1 1 runed translucent door, Vatovie's ghost, veteran MiFi


Message History

You block the vault guard's attack.
Blink to where?
Press: ? - help, Dir - move target, p - vault warden
As you read the scroll of blinking, it crumbles to dust.
The vault guard is lost in a daze.
The vault guard is no longer dazed.
The vault guard is lost in a daze.
You are ready to recite again.
The vault warden activates a sealing rune.
A door slams shut!
You are pushed out of the doorway!
That door is sealed shut!
That door is sealed shut!
Okay, then.
Aiming: Charm
Press: ? - help, Shift-Dir - straight line, f - vault warden
Aim: a vault warden, wielding a +2 halberd of venom and wearing a +0 plate armour (chance to affect: 33%)
The vault warden easily resists.
Unknown command.
Aiming: Charm
Press: ? - help, Shift-Dir - straight line, f/p - vault warden
Aim: a vault warden, wielding a +2 halberd of venom and wearing a +0 plate armour (chance to affect: 33%)
The vault warden easily resists.
The vault guard is lost in a daze.
Unknown command.
Aiming: Charm
Press: ? - help, Shift-Dir - straight line, f/p - vault warden
Aim: a vault warden, wielding a +2 halberd of venom and wearing a +0 plate armour (chance to affect: 33%)
The vault warden easily resists.
The vault warden hits you from afar with a +2 halberd of venom!!
* * * LOW HITPOINT WARNING * * *
You are lethally poisoned!
You feel better.
The vault warden hits you from afar with a +2 halberd of venom!
* * * LOW HITPOINT WARNING * * *
You are lethally poisoned!
Okay, then.
Activating: Sanctuary (4% risk of failure)
Press: ? - help, Dir - look around, f - activate You hear a choir sing!
By Zin's power, all blood is cleared from the sanctuary.
The monsters scatter in all directions!
You die...

#..# #..# #..###########
#..#.........#
#..+.........#
#..#.........#
#..#.........#
#.@+.....<...#
#..#.........#
#pp#.........#
#p.########### #..# #..#
#..#
######..################
.).........p.p..........


You could see a vault warden (fleeing) and 2 vault guards.

Vanquished Creatures
  An Ice Fiend (IceCv)
  2 quicksilver dragons (Snake:4)
  3 thorn hunters
  Gastronok (Lair:2)
  Kirke (Swamp:3)
  7 nagarajas
  Aizul (Snake:2)
  2 vault wardens
  3 ironbound preservers
  3 orc warlords (Vaults:1)
  A ghoul (Swamp:2)
  2 ironbound thunderhulks
  A stone giant (D:15)
  3 eleionomae
  A bunyip (Lair:3)
  The ghost of PorkyPig the Thaumaturge, a journeyman GrEE of Hepliaklqana (Lair:3)
  3 great orbs of eyes (Vaults:1)
  An ettin (Vaults:1)
  4 yaktaur captains
  A shambling mangrove (Swamp:4)
  A caustic shrike simulacrum (IceCv)
  24 hydras
  Erolcha (D:10)
  4 salamander tyrants
  3 boulder beetles
  5 ogre magi
  2 ghost crabs (Swamp:2)
  3 vault guards
  A merfolk avatar (Lair:5)
  9 alligators
  4 ironbound frosthearts
  2 dancing weapons (D:14)
  8 naga warriors
  18 two-headed ogres
  5 anacondas
  4 centaur warriors (Vaults:1)
  9 death yaks
  3 tengu warriors
  10 naga sharpshooters
  9 shock serpents
  An orc high priest (Orc:2)
  A sea snake (Lair:5)
  3 goliath frogs
  2 salamander mystics
  19 bog bodies
  A death drake (Swamp:2)
  13 deep trolls
  A glowing orange brain (D:14)
  3 spriggan druids
  8 ironbound convokers
  A glowing orange brain (shapeshifter) (D:14)
  5 naga ritualists
  2 obsidian statues (IceCv)
  4 wizards
  9 orc knights
  7 lindwurms
  6 harpies
  11 swamp dragons
  4 deep elf pyromancers
  14 mana vipers
  14 ugly things
  4 cyclopes
  An orc sorcerer (Orc:2)
  3 manticores
  4 will-o-the-wisps
  14 salamanders
  6 guardian serpents
  39 black mambas
  5 vault sentinels
  11 naga magi
  2 elephants (Lair:5)
  A gargoyle (D:12)
  12 cane toads
  Maggie (D:7)
  3 ice statues
  2 torpor snails
  7 komodo dragons
  16 yaktaurs
  An anaconda simulacrum (IceCv)
  An ice devil (IceCv)
  4 rime drakes
  7 freezing wraiths
  A polar bear (Lair:4)
  2 golden dragon simulacra (IceCv)
  6 tyrant leeches
  2 wind drakes (Lair:5)
  A bloated husk (Swamp:1)
  10 hornets
  Grinder (D:4)
  5 trolls
  Prince Ribbit (D:7)
  14 blink frogs
  18 slime creatures
  2 dream sheep (Lair:2)
  2 snapping turtles (Lair:5)
  A jumping spider (Vaults:2)
  6 spriggans
  A shadow (D:12)
  A centaur simulacrum (D:14)
  2 wraiths
  5 wyverns
  36 yaks
  3 basilisks
  A hog (Swamp:3)
  2 steam dragons (Lair:5)
  Menkaure (D:4)
  A warg (Orc:2)
  A harpy simulacrum (IceCv)
  A minotaur simulacrum (IceCv)
  7 vampire mosquitoes (Swamp:1)
  26 nagas
  A redback (Vaults:1)
  15 swamp worms
  13 water moccasins
  3 acid dragons
  2 hydra simulacra (IceCv)
  24 orc warriors
  A sky beast (D:8)
  3 black bears
  9 swamp drakes
  2 ice beasts
  28 ogres
  5 centaurs
  5 ettin simulacra (IceCv)
  5 boggarts (D:15)
  5 wolves (Lair:5)
  3 phantoms
  A kobold brigand (D:9)
  2 gnoll sergeants
  8 bullfrogs
  4 necrophages
  5 scorpions
  A troll zombie (Swamp:1)
  5 killer bees
  A troll skeleton (Swamp:1)
  A lava snake (Snake:4)
  4 hounds
  A jelly (D:7)
  A gnoll bouda (D:6)
  18 orc priests
  Ijyb (D:4)
  2 iguanas
  26 orc wizards
  6 hell rats (Lair:3)
  19 gnolls
  10 adders
  A river rat (D:8)
  2 shadow imps
  2 ufetubi
  3 worms (D:3)
  3 dart slugs
  81 orcs
  5 endoplasms
  3 giant cockroaches
  3 hobgoblins
  2 jackals (D:1)
  4 quokkas
  5 ball pythons
  6 bats
  4 frilled lizards
  12 goblins
  8 kobolds
  7 rats
  A briar patch (Swamp:2)
992 creatures vanquished.

Vanquished Creatures (collateral kills)
  2 vault wardens (Vaults:2)
  A vault guard (Vaults:1)
  An ironbound convoker (Vaults:2)
  A naga mage (Snake:2)
  A vault sentinel (Vaults:1)
  2 yaktaurs (Vaults:2)
  An iguana (D:5)
9 creatures vanquished.

Vanquished Creatures (others)
  2 entropy weavers
  A deep elf pyromancer (D:8)
  A guardian serpent (Snake:2)
  A bloated husk (Swamp:3)
  A human (Swamp:4)
  A swamp worm (Swamp:4)
  4 briar patches (Swamp:2)
  20 foxfires
  31 fungi
  126 plants
  30 withered plants (Swamp:2)
218 creatures vanquished.

Grand Total: 1219 creatures vanquished

Notes
Turn   | Place    | Note
-------+----------+-------------------------------------------
     0 | D:1      | sizableburger the Human Fighter began the quest for the
                  | Orb.
     0 | D:1      | Reached XP level 1. HP: 18/18 MP: 1/1
   251 | D:1      | Found a faded altar of an unknown god.
   282 | D:1      | Prayed at the altar of an unknown god.
   282 | D:1      | Became a worshipper of Elyvilon the Healer
   282 | D:1      | Reached * piety under Elyvilon
   303 | D:1      | Reached XP level 2. HP: 19/24 MP: 2/2
   808 | D:1      | Reached skill level 3 in Short Blades
  1019 | D:1      | Reached XP level 3. HP: 27/29 MP: 3/3
  1173 | D:2      | Reached ** piety under Elyvilon
  1672 | D:2      | Reached XP level 4. HP: 30/35 MP: 4/4
  1685 | D:1      | Reached skill level 4 in Short Blades
  2084 | D:3      | Found a shimmering blue altar of Sif Muna.
  2762 | D:2      | Reached XP level 5. HP: 17/41 MP: 5/5
  2951 | D:2      | Reached *** piety under Elyvilon
  3018 | D:2      | Identified the +8 chain mail of Gehenna {Str+3}
  3455 | D:2      | Reached skill level 5 in Short Blades
  4190 | D:4      | Reached XP level 6. HP: 47/47 MP: 6/6
  4282 | D:4      | Identified the +1 long sword "Moip" {spect, rElec Will+
                  | Int+4}
  4320 | D:4      | Noticed Grinder
  4332 | D:4      | Paralysed by Grinder for 4 turns
  4357 | D:4      | Noticed Ijyb
  4649 | D:4      | Reached skill level 1 in Invocations
  4833 | D:4      | Killed Grinder
  4834 | D:4      | Reached skill level 6 in Short Blades
  4834 | D:4      | Reached XP level 7. HP: 17/54 MP: 7/9
  5264 | D:4      | Killed Ijyb
  5391 | D:4      | Gained mutation: You have sharp toenails. [potion of
                  | mutation]
  5391 | D:4      | Gained mutation: You occasionally shout uncontrollably at
                  | your foes. [potion of mutation]
  5391 | D:4      | Gained mutation: Your flesh is heat resistant. (rF+)
                  | [potion of mutation]
  5402 | D:4      | Reached XP level 8. HP: 29/60 MP: 8/11
  5557 | D:4      | Found a stormy altar of Qazlal.
  5589 | D:4      | Noticed Menkaure
  5591 | D:4      | Lost mutation: You have sharp toenails. [potion of
                  | mutation]
  5591 | D:4      | Lost mutation: Your flesh is heat resistant. (rF+) [potion
                  | of mutation]
  5591 | D:4      | Gained mutation: Your system is resistant to poisons.
                  | (rPois) [potion of mutation]
  5591 | D:4      | Gained mutation: Your magical capacity is low. (-10% MP)
                  | [potion of mutation]
  5611 | D:4      | Killed Menkaure
  5612 | D:4      | Reached skill level 7 in Short Blades
  5855 | D:4      | Found an opulent altar of Gozag.
  5923 | D:5      | Entered Level 5 of the Dungeon
  6445 | D:5      | Reached skill level 8 in Short Blades
  6464 | D:5      | Reached skill level 5 in Armour
  6694 | D:5      | Identified the +1 falchion of Megalomania {pain, Dex+6
                  | Stlth+}
  6706 | D:5      | Found a broken altar of Ashenzari.
  6829 | D:5      | Reached XP level 9. HP: 54/65 MP: 10/10
  7014 | D:5      | Found Asaix's Lightly-Used Armoury.
  7143 | D:5      | Reached skill level 9 in Short Blades
  7522 | D:6      | Reached **** piety under Elyvilon
  8385 | D:6      | Reached skill level 10 in Short Blades
  8978 | D:6      | Found a staircase to the Ecumenical Temple.
  9005 | Temple   | Entered the Ecumenical Temple
  9116 | D:7      | Noticed Maggie
  9147 | D:7      | Killed Maggie
  9148 | D:7      | Reached skill level 1 in Dodging
  9436 | D:7      | Reached skill level 5 in Invocations
  9436 | D:7      | Reached XP level 10. HP: 38/71 MP: 12/12
  9988 | D:7      | Noticed Prince Ribbit
 10004 | D:7      | Killed Prince Ribbit
 10005 | D:7      | Reached skill level 11 in Short Blades
 10558 | D:8      | Reached skill level 1 in Throwing
 10782 | D:8      | Reached ***** piety under Elyvilon
 11122 | D:8      | Noticed a death yak
 11174 | D:8      | Noticed a death yak
 11175 | D:8      | Noticed a death yak
 11458 | D:8      | Found a staircase to the Lair.
 11688 | D:9      | Found a glowing golden altar of the Shining One.
 12023 | D:9      | Found a hazy altar of Hepliaklqana.
 12038 | D:9      | Found a glowing silver altar of Zin.
 12038 | D:9      | Noticed an angel
 12486 | D:9      | Noticed a two-headed ogre
 12513 | D:9      | Killed a two-headed ogre
 12514 | D:9      | Reached skill level 12 in Short Blades
 12514 | D:9      | Reached skill level 1 in Evocations
 13530 | D:10     | Entered Level 10 of the Dungeon
 13563 | D:10     | Noticed a two-headed ogre
 13601 | D:10     | Killed a two-headed ogre
 13602 | D:10     | Reached XP level 11. HP: 31/78 MP: 6/14
 13890 | D:10     | Noticed Erolcha
 13900 | D:10     | Reached skill level 5 in Fighting
 13903 | D:10     | Killed Erolcha
 14865 | D:10     | Pacified a death yak
 15216 | D:9      | Pacified a death yak
 15643 | D:8      | Killed a death yak
 15796 | D:8      | Noticed a deep elf pyromancer
 15859 | D:8      | Killed a deep elf pyromancer
 16146 | Lair:1   | Entered Level 1 of the Lair of Beasts
 16247 | Lair:1   | Noticed a death yak
 16247 | Lair:1   | Noticed a death yak
 16305 | Lair:1   | Killed a death yak
 16342 | Lair:1   | Noticed a death yak
 16343 | Lair:1   | Noticed a death yak
 16376 | D:8      | Killed a death yak
 16377 | D:8      | Reached XP level 12. HP: 31/89 MP: 15/15
 16434 | Lair:1   | Noticed a death yak
 16474 | D:8      | Killed a death yak
 16475 | D:8      | Reached skill level 13 in Short Blades
 16543 | D:8      | Pacified a death yak
 16544 | D:8      | Reached skill level 5 in Throwing
 16656 | Lair:1   | Killed a death yak
 16765 | Lair:1   | Upgraded the game from 0.29.1-14-g9c671dbff4 to
                  | 0.29.1-15-g9cfb28693d
 16858 | Lair:1   | Noticed a death yak
 16858 | Lair:1   | Noticed a death yak
 16908 | Lair:1   | Noticed a death yak
 16962 | D:7      | Killed a death yak
 16963 | D:7      | Reached skill level 14 in Short Blades
 17049 | D:8      | Killed a death yak
 17116 | Lair:1   | Noticed a death yak
 17174 | D:8      | Killed a death yak
 17175 | D:8      | Reached skill level 5 in Dodging
 17250 | D:8      | Killed a death yak
 18409 | Lair:1   | Reached XP level 13. HP: 86/96 MP: 17/17
 18472 | Lair:2   | Noticed Gastronok
 18528 | Lair:2   | Killed Gastronok
 18611 | Lair:2   | Noticed an eight-headed hydra
 18636 | Lair:2   | Killed an eight-headed hydra
 18938 | Lair:2   | Reached ****** piety under Elyvilon
 19898 | Lair:3   | Noticed a four-headed hydra
 19917 | Lair:3   | Killed a four-headed hydra
 20403 | Lair:3   | Identified the +9 scimitar of Wrath {vorpal, +Blink Str+3
                  | Dex+4}
 20405 | Lair:3   | Found a staircase to the Swamp.
 21010 | Lair:3   | Learned a level 3 spell: Swiftness
 21018 | Lair:3   | Found a staircase to the Snake Pit.
 21090 | Lair:3   | Reached skill level 10 in Invocations
 21155 | Lair:3   | Reached skill level 1 in Air Magic
 21188 | Lair:3   | Reached skill level 1 in Spellcasting
 21840 | Lair:4   | Reached XP level 14. HP: 107/108 MP: 19/19
 22722 | Lair:5   | Entered Level 5 of the Lair of Beasts
 24302 | Lair:5   | Reached skill level 10 in Fighting
 25120 | Lair:5   | Found a runed translucent door.
 25122 | Lair:5   | Noticed an acid blob
 25123 | Lair:5   | Found a staircase to the Slime Pits.
 26739 | D:12     | Found a staircase to the Orcish Mines.
 26755 | Orc:1    | Entered Level 1 of the Orcish Mines
 27160 | Orc:2    | Entered Level 2 of the Orcish Mines
 27516 | Orc:2    | Paralysed by an ogre mage for 5 turns
 27594 | Orc:1    | Reached skill level 5 in Spellcasting
 28051 | Orc:2    | Paralysed by an ogre mage for 4 turns
 28279 | D:12     | Reached XP level 15. HP: 82/117 MP: 21/21
 28439 | Orc:2    | Reached skill level 5 in Shields
 28533 | Orc:2    | Paralysed by an ogre mage for 5 turns
 28729 | Orc:2    | Paralysed by an ogre mage for 4 turns
 28849 | Orc:2    | Found a staircase to the Elven Halls.
 29082 | Orc:2    | Found Lashenk's Jewellery Shoppe.
 29082 | Orc:2    | Found Taun's Jewellery Shop.
 29083 | Orc:2    | Found Jaogadov's General Store.
 29083 | Orc:2    | Found Raumeep's Jewellery Emporium.
 32061 | D:14     | Found a gate to the Vaults.
 32927 | Swamp:1  | Entered Level 1 of the Swamp
 33072 | Snake:1  | Entered Level 1 of the Snake Pit
 33111 | Lair:3   | Reached skill level 5 in Air Magic
 33839 | Snake:1  | Found Itubbu's Magic Scroll Boutique.
 33940 | Snake:1  | Found Puomoy's Assorted Antiques.
 33940 | Snake:1  | Found Teyghu's Antique Armour Shop.
 33945 | Snake:1  | Found Ryax's Antique Weapon Shop.
 33957 | Snake:1  | Bought a scroll of brand weapon for 152 gold pieces
 33957 | Snake:1  | Bought a scroll of enchant weapon for 120 gold pieces
 33971 | Snake:1  | Found a large runed translucent door.
 33971 | Snake:1  | Found a large runed translucent door.
 33976 | Snake:1  | Noticed AverageBear's ghost (journeyman DsFi)
 34254 | Snake:1  | Reached XP level 16. HP: 116/125 MP: 24/24
 34734 | Snake:2  | Found a frozen archway.
 34765 | IceCv    | Entered an ice cave
 35821 | IceCv    | Elyvilon protects you from harm!
 35822 | IceCv    | HP: 3/125 [caustic shrike simulacrum (17)]
 35947 | IceCv    | Found the +3 Mad Mage's Maulers {Infuse+∞ RegenMP Int-3}
 35947 | IceCv    | Noticed an Ice Fiend
 36010 | IceCv    | Killed an Ice Fiend
 36498 | D:9      | Fell from the grace of Elyvilon
 36498 | D:9      | Became a worshipper of Zin the Law-Giver
 36498 | D:9      | Reached * piety under Zin
 36498 | D:9      | Reached ** piety under Zin
 36498 | D:9      | Reached *** piety under Zin
 36498 | D:9      | Reached **** piety under Zin
 37135 | Orc:2    | Bought an amulet of magic regeneration for 390 gold pieces
 37532 | Snake:2  | Reached skill level 10 in Shields
 37532 | Snake:2  | Reached XP level 17. HP: 131/131 MP: 24/24
 37777 | Snake:2  | Noticed Aizul
 37801 | Snake:2  | Killed Aizul
 37826 | Snake:2  | Donated 642 gold pieces to Zin
 41363 | Swamp:1  | Reached XP level 18. HP: 72/138 MP: 1/25
 42503 | Swamp:1  | Reached ***** piety under Zin
 42614 | Swamp:1  | Reached skill level 1 in Stealth
 43152 | Swamp:1  | Identified the +8 spear of the Endless March {freeze, rPois
                  | rF+ Str+4 Dex+4}
 43153 | Swamp:1  | Found a runed translucent door.
 43153 | Swamp:1  | Noticed PorkyPig's ghost (journeyman GrEE)
 43846 | Lair:3   | Killed PorkyPig's ghost
 43858 | Lair:3   | Gained mutation: Armour fits poorly on your strangely
                  | shaped body. [mutagenic glow]
 44188 | Swamp:1  | Identified the +6 dagger "Ekelimnauk" {vorpal, rPois rF+
                  | Dex+2}
 44460 | Swamp:2  | Reached skill level 10 in Armour
 45641 | Swamp:2  | Reached skill level 5 in Stealth
 46051 | Swamp:2  | Reached ****** piety under Zin
 46552 | Swamp:2  | Lost mutation: Your system is resistant to poisons. (rPois)
                  | [potion of mutation]
 46552 | Swamp:2  | Lost mutation: Your magical capacity is low. (-10% MP)
                  | [potion of mutation]
 46742 | D:9      | Lost mutation: You occasionally shout uncontrollably at
                  | your foes. [potion of mutation]
 46742 | D:9      | Lost mutation: Armour fits poorly on your strangely shaped
                  | body. [potion of mutation]
 47758 | Swamp:3  | Found the +8 frozen axe "Frostbite" {freezing cloud, *Noise
                  | Fly rC+}
 47977 | Swamp:2  | Reached skill level 5 in Evocations
 48465 | Swamp:4  | Entered Level 4 of the Swamp
 48465 | Swamp:4  | Noticed Kirke
 50379 | Swamp:3  | Killed Kirke
 51270 | Swamp:4  | Identified the +4 plate armour "Nugicuj" {Dex+3}
 52434 | Swamp:4  | Reached XP level 19. HP: 40/144 MP: 1/29
 53328 | Swamp:4  | Paralysed by a hornet for 3 turns
 53873 | Swamp:4  | Got a decaying rune of Zot
 55538 | Snake:4  | Entered Level 4 of the Snake Pit
 55733 | Snake:4  | Found a shimmering blue altar of Sif Muna.
 56481 | Snake:4  | Reached skill level 10 in Throwing
 57234 | Snake:3  | Reached skill level 10 in Stealth
 58037 | Snake:4  | HP: 7/144 [poisoned by a nagaraja (poison arrow)]
 60843 | Snake:4  | Got a serpentine rune of Zot
 61913 | D:15     | Entered Level 15 of the Dungeon
 61954 | D:15     | Found Zoucexel's Neck Hole.
 62183 | D:15     | Found a shadowy altar of Dithmenos.
 63013 | D:15     | Reached XP level 20. HP: 151/151 MP: 1/30
 63458 | D:15     | Found a staircase to the Depths.
 63654 | Vaults:1 | Entered Level 1 of the Vaults
 65375 | Vaults:1 | Reached skill level 15 in Short Blades
 65647 | Vaults:1 | Found a runed translucent door.
 65647 | Vaults:1 | Noticed Vatovie's ghost (veteran MiFi)
 65969 | Vaults:1 | Found Civuomp's Weapon Emporium.
 69711 | Vaults:2 | Found Uzesof's Armour Emporium.
 70767 | Vaults:2 | Reached XP level 21. HP: 139/156 MP: 1/31
 70912 | Vaults:2 | HP: 2/156 [vault warden/+2 halberd of venom (18)]
 70914 | Vaults:2 | Succumbed to a vault warden's poison

Illustrated notes

Levels and vault maps discovered:
D:1:      roderic_dead_forest, layout_basic, basic_ecumenical_altar
D:2:      layout_loops_cross, nicolae_grassy_gnolls
D:3:      layout_loops_ring, mainiacjoe_overflow_alcove_2
D:4:      layout_rooms, nicolae_qazlal_scattered_showers,
          nicolae_gozag_cash_rules_everything_around_me, uniq_menkaure,
          uniq_grinder, uniq_ijyb
D:5:      layout_rooms, mainiacjoe_overflow_alcove_4, minmay_splitting_lines,
          serial_bayou_ford_a, minmay_shop_damaged
D:6:      layout_basic, minmay_temple_entry_antechambers, nrook_campfire,
          minmay_small_thing
D:7:      layout_basic, uniq_prince_ribbit1, uniq_maggie
D:8:      layout_rooms, dpeg_lair_monsters, grunt_ogre_cave,
          guppyfry_early_elven_hall
D:9:      layout_stronghold, mainiacjoe_overflow_paths, zin_angel,
          mainiacjoe_overflow_cross_hatched
D:10:     layout_basic, uniq_erolcha
D:11:     layout_rooms
D:12:     layout_loops_ring, david_orc_4
D:13:     layout_gridville, minmay_misc_feat_cross, hangedman_decor_push
D:14:     layout_irregular_city, erik_vaults_1, ebering_dispersal_statue_hall
D:15:     grunt_enter_depths_snipers, layout_stronghold,
          nicolae_dithmenos_through_a_glass_darkly,
          nicolae_shop_sticking_my_neck_out
Temple:   hellmonk_temple_two_chambers
Lair:1:   layout_long_grid
Lair:2:   layout_cellular_growth, serial_bayou_pond_d, uniq_gastronok
Lair:3:   layout_cave_pods, skrybe_swamp_entry_bodies,
          minmay_snake_entry_six_corridors
Lair:4:   dpeg_oklob_gauntlet, layout_gridlike
Lair:5:   gammafunk_lair_ancient_temple, layout_cave_pods, slime_entry_2,
          serial_forest, infiniplex_forest_clump_diagonal,
          infiniplex_forest_zigzag_1, infiniplex_forest_straight_3,
          infiniplex_forest_straight_3, infiniplex_forest_clump_double,
          infiniplex_forest_straight_1
Swamp:1:  layout_falls_marsh, ebering_ghost_funeral_grove,
          evilmike_swamp_ruin_rubble_1, swamp_pool2, cheibrodos_swamp_minitomb,
          infiniplex_staircase_pool
Swamp:2:  layout_basic_swamp, evilmike_swamp_ruin_house_4, swamp_pool1,
          st_shrine_of_shade
Swamp:3:  layout_falls_marsh, evilmike_swamp_ruin_rubble_2
Swamp:4:  swamp, layout_basic_swamp, uniq_kirke
Snake:1:  layout_misc_corridors, ebering_ghost_disaster_area,
          dpeg_stationary_puzzle, minmay_shoptagon
Snake:2:  layout_chambers, portal_ice_cave_entry_ice_statue_two, special_room,
          grunt_megastairs_4, uniq_aizul
Snake:3:  hangedman_cross_stitches, layout_misc_corridors
Snake:4:  hellmonk_snake_rune_quicksilver_temple, layout_onion_interference,
          basic_altar, drop_trap, nicolae_snake_shapes
Orc:1:    layout_diamond_mine
Orc:2:    st_orc_ogre_mass, layout_caves, basic_altar
Vaults:1: hellmonk_ghost_big_iron, ontoclasm_vaults_loading_screen,
          vaults_room_grunt_arrival_ludios, grunt_vaults_funnel,
          v_alt_pattern_2, nicolae_vaults_quartermaster, vaults_room_semicircle,
          vaults_room_fours, hangedman_vaults_slither,
          nicolae_vaults_little_squares_3, v_misc_30, vaults_room_hallway,
          layout_vaults_maze_bifur, serial_shops, nicolae_shop_trees
Vaults:2: nicolae_vaults_meeting, v_misc_27, v_misc_28, v_misc_14,
          vaults_dpeg_ring, layout_vaults_quadrants, serial_shops, shop,
          uniq_nikola

Skill      XL: |  1  2  3  4  5  6  7  8  9 10 11 12 13 14 15 16 17 18 19 20 |
---------------+-------------------------------------------------------------+-----
Short Blades   | 3 4 5 6 8 10 12 14 15 | 15.9
Fighting       | 4 6 7 9 10 11 | 11.3
Invocations    | 3 4 5 6 7 8 10 11 13 | 13.7
Armour         | 5 6 7 9 10 11 12 | 12.7
Dodging        | 2 3 4 5 7 8 |  8.3
Throwing       | 3 4 5 6 8 9 10 | 10.0
Evocations     | 2 6 8 |  8.5
Air Magic      | 1 4 5 |  5.9
Spellcasting   | 1 5 7 |  7.1
Shields        | 4 6 10 13 14 | 14.0
Stealth        | 8 11 12 | 12.5

Action                   |  1- 3 |  4- 6 |  7- 9 | 10-12 | 13-15 | 16-18 | 19-21 || total
-------------------------+-------+-------+-------+-------+-------+-------+-------++-------
Melee: Rapier            |   102 |   234 |   569 |  1181 |  4290 |  1969 |  2006 || 10351
       Unarmed           |       |       |    18 |       |       |     6 |       ||    24
       Kick              |       |       |     3 |       |       |       |       ||     3
Throw: Dart              |       |       |    10 |   120 |    69 |    21 |    32 ||   252
       Javelin           |       |       |       |     5 |    11 |     4 |    15 ||    35
       Throwing net      |       |       |       |     1 |     3 |       |       ||     4
       Boomerang         |       |       |       |       |    10 |    29 |    26 ||    65
 Cast: Swiftness         |       |       |       |       |     1 |       |     2 ||     3
Invok: Heal Self         |       |       |     4 |     4 |    14 |    13 |       ||    35
       Heal Other        |       |       |       |     6 |     2 |     2 |       ||    10
       Recite            |       |       |       |       |       |    18 |    42 ||    60
       Purification      |       |       |       |       |       |     1 |       ||     1
       Divine Vigour     |       |       |       |       |       |     1 |       ||     1
       Vitalisation      |       |       |       |       |       |     4 |     6 ||    10
       Donate Gold       |       |       |       |       |       |     1 |       ||     1
       Sanctuary         |       |       |       |       |       |       |     2 ||     2
Evoke: Wand              |       |     5 |     8 |    10 |     5 |     2 |    22 ||    52
       Phial of floods   |       |       |       |       |       |       |     1 ||     1
  Use: Scroll            |       |     1 |    14 |    11 |     7 |    14 |     8 ||    55
       Potion            |       |       |     5 |     3 |     2 |    16 |    15 ||    41
 Stab: Invisible         |       |       |       |     1 |       |       |     5 ||     6
       Held in net/web   |       |       |       |       |     3 |       |       ||     3
       Distracted        |       |       |       |       |     1 |       |     1 ||     2
       Confused          |       |       |       |       |       |     3 |    11 ||    14
       Sleeping          |       |       |       |       |       |       |    10 ||    10
Armor: Scale mail        |    50 |    29 |       |       |       |       |       ||    79
       Chain mail        |       |    61 |   316 |   359 |  1303 |   683 |   584 ||  3306
       Skin              |       |       |     2 |       |       |       |       ||     2
Dodge: Dodged            |    41 |    60 |   225 |   461 |  1893 |   915 |   610 ||  4205
Block: Buckler           |    27 |    38 |   127 |   176 |   766 |   281 |       ||  1415
       Kite shield       |       |       |       |       |       |   559 |  1115 ||  1674
